[Event "*** Titled Tuesday 3|2 Blitz"]
[Site "Chess.com"]
[Date "2016.10.04"]
[Round "5"]
[White "Sven_Tica"]
[Black "Blitzstream"]
[Result "0-1"]
[WhiteElo "2384"]
[BlackElo "2544"]
[TimeControl "180+2"]
[EndTime "12:02:18 PDT"]
[Termination "Blitzstream won by resignation"]

1. d4 Nf6 2. c4 c6 3. g3 g6 4.
Bg2 Bg7 5. Nf3 O-O 6. O-O d6 7. Nc3 Bf5 8. Nh4 Be6 9. b3 Qc8 10. Bb2 Bh3 11. e4 Bxg2 12. Kxg2 Nbd7 13. Nf3 b5 14.
cxb5 cxb5 15. Qe2 b4 16. Na4 Qb7 17. d5 Rac8 18. Rac1 Rxc1 19. Rxc1 Rc8 20. Rc4 Qa6 21. Rxc8+ Qxc8 22. Nd4 Ne5 23. f4 Ned7 24. Nc6 Qe8 25.
Nxb4 e6 26. Kf3 exd5 27. exd5 Qa8 28. Qc4 h5 29. h3 Qe8 30. Qe2 Qa8 31. Qd3 h4 32. g4 Qe8 33. Bc3 Kh7 34. Nc6 Kg8 35.
g5 Nh5 36. Bxg7 Nxg7 37. Qe4 Qa8 38. b4 Nb6 39. Nc3 Nf5 40. Nb5 Kh7 41. Nbxa7 Qh8 42. a4 Qc3+ 43. Kf2 Qd2+ 44. Qe2 Qxf4+ 45. Ke1 Nxd5 46. Nb5 Qc1+ 47. Kf2 Nf4 48. Qf1 Qxc6 0-1

[Event "*** Titled Tuesday 3|2 Blitz"]
[Site "Chess.com"]
[Date "2016.10.04"]
[Round "5"]
[White "underdogchss"]
[Black "johnathan113"]
[Result "0-1"]
[WhiteElo "2376"]
[BlackElo "2295"]
[TimeControl "180+2"]
[EndTime "12:02:23 PDT"]
[Termination "johnathan113 won by resignation"]

1. d4 Nf6 2. c4 g6 3. Nc3 Bg7 4.
e4 O-O 5. Nf3 d6 6. Be2 Nbd7 7.
O-O e5 8. Be3 c6 9. d5 c5 10.
Ne1 Kh8 11. Nd3 Ng8 12. g4 Bh6 13. Qd2 Qh4 14. g5 Bg7 15. f3 h6 16. Qe1 hxg5 17.
Qxh4+ gxh4 18. Bg5 Bf6 19. Be3 Be7 20. a3 f5 21. b4 b6 22. Bd1 Ba6 23. Nb2 Rac8 24. Ba4 Ndf6 25. Bc6 Rb8 26. b5 Bc8 27. a4 fxe4 28.
Nxe4 Bh3 29. Rf2 Nxe4 30. fxe4 Nf6 31. Bg5 Nxd5 32. cxd5 Bxg5 33. Nc4 Rxf2 34. Kxf2 Rf8+ 35. Kg1 Be7 36. a5 bxa5 37. Nxa5 Rf4 38. Re1 Rg4+ 39. Kf2 Rg2+ 40. Kf3 Rxh2 41. Nc4 g5 42. Ne3 c4 43.
Rc1 Bd8 44. Rxc4 Bb6 45. Ng4 Rg2 46. Ne3 Rg3+ 47. Ke2 Rxe3+ 48. Kd2 Bg2 49. Be8 h3 50. Rc8 Kg7 51. Bd7 h2 52. Be6 h1=Q 53. Rg8+ Kh7 0-1

[Event "*** Titled Tuesday 3|2 Blitz"]
[Site "Chess.com"]
[Date "2016.10.04"]
[Round "5"]
[White "GeorgMeier"]
[Black "Holden-Caulfield"]
[Result "1-0"]
[WhiteElo "2712"]
[BlackElo "2478"]
[TimeControl "180+2"]
[EndTime "12:02:30 PDT"]
[Termination "GeorgMeier won by checkmate"]

1. Nf3 Nf6 2. g3 d6 3. Bg2 Nbd7 4.
d4 e5 5. dxe5 dxe5 6. O-O c6 7.
Nbd2 Qc7 8. Nc4 b5 9. Ne3 Bc5 10. a4 b4 11. c3 bxc3 12. bxc3 O-O 13. Qc2 Re8 14. Rd1 Ba6 15. h3 Nf8 16. Ng4 Nxg4 17. hxg4 Rad8 18. Rxd8 Rxd8 19. Ng5 Qd7 20. Bb2 Qxg4 21.
Ne4 Be7 22. Bf3 Qe6 23. Rd1 Rxd1+ 24. Qxd1 f5 25. Nd2 e4 26. Bg2 Qa2 27. Bc1 Qa1 28.
Qc2 Bxe2 29. Nb3 Qxa4 30. Qxe2 Qxb3 31. Be3 a5 32. Qa6 a4 33. Bf1 Qa3 34. Qxc6 Qd6 35. Qxa4 h6 36. c4 Ne6 37. Qe8+ Bf8 38. Bh3 Qd1+ 39.
Kh2 Ng5 40. Bxg5 hxg5 41. Qe6+ Kh8 42. Qxf5 Qd6 43. Qxe4 Be7 44. Be6 Qc5 45. Kg2 Qd6 46. Qf5 Bf6 47. Qh3# 1-0

[Event "*** Titled Tuesday 3|2 Blitz"]
[Site "Chess.com"]
[Date "2016.10.04"]
[Round "5"]
[White "OparinGrigoriy"]
[Black "Kubas1010"]
[Result "1-0"]
[WhiteElo "2591"]
[BlackElo "2465"]
[TimeControl "180+2"]
[EndTime "12:02:34 PDT"]
[Termination "OparinGrigoriy won by resignation"]

1. e4 e5 2. Nf3 Nc6 3. Bb5 a6 4. Ba4 Nf6 5. O-O Be7 6. Bxc6 dxc6 7. d3 Nd7 8. b3 f6 9. Bb2 Nc5 10. Nh4 g6 11. f4 exf4 12. Rxf4 Ne6 13. Rf1 c5 14. Nd2 O-O 15. a4 Nd4 16. Nhf3 f5 17. Nxd4 cxd4 18. Qe2 Bg5 19. Nc4 Be6 20. exf5 Bxf5 21.
Rae1 b5 22. Ne5 Be3+ 23. Kh1 Qd5 24. Ng4 Rae8 25. Nxe3 Rxe3 26. Qf2 Rfe8 27. Rxe3 dxe3 28. Qh4 e2 29. Re1 Qd8 30. Qxd8 Rxd8 31. axb5 axb5 32. Rxe2 Kf7 33. h3 Ra8 34. Rf2 Ke7 35. Bd4 Kd6 36.
b4 Kd5 37. Bc5 h5 38. Kh2 Ra1 39. Kg3 Ke5 40. Kh4 Ra6 41. Kg5 Kd5 42. Rf4 Ra2 43.
Rf2 Ra6 44. g4 hxg4 45. hxg4 Bd7 46. Rf4 Re6 47. c4+ Kc6 48. Bd4 Rd6 49. c5 Re6 50. Bf6 Re2 51. Kxg6 Re3 52. Rd4 Rg3 53. g5 Be8+ 54. Kg7 Bh5 55. Rd8 Be2 56. d4 Bc4 57. Rc8 Kd7 58. Rxc7+ Kxc7 59. Be5+ Kc6 60. Bxg3 Kd5 61.
Kf6 Kxd4 62. c6 1-0

[Event "*** Titled Tuesday 3|2 Blitz"]
[Site "Chess.com"]
[Date "2016.10.04"]
[Round "5"]
[White "Kawhi_Leonard2"]
[Black "hansen"]
[Result "0-1"]
[WhiteElo "1990"]
[BlackElo "2622"]
[TimeControl "180+2"]
[EndTime "12:02:38 PDT"]
[Termination "hansen won by resignation"]

1. e4 e5 2. Nf3 d6 3. d4 exd4 4. Nxd4 Nf6 5. Nc3 Be7 6. Bf4 O-O 7. Qd2 a6 8. O-O-O b5 9. f3 b4 10. Nd5 Nxd5 11. exd5 a5 12. Kb1 Bf6 13. Bc4 Bb7 14. g4 Nd7 15. g5 Bxd4 16. Qxd4 Nb6 17. h4 Nxc4 18. Qxc4 Qd7 19. h5 f6 20. Rhg1 Rae8 21. Qd4 Qf5 22. Rg4 Re2 23. Qc4 Ba6 24. Qb3 fxg5 25.
Bxg5 Qxf3 26. Qxf3 Rxf3 27. Bh6 Re7 28. Rdg1 Rf1+ 29.
Rxf1 Bxf1 30. a3 Be2 31. Rg3 Bxh5 32. axb4 axb4 33. Bd2 Re4 34. Rb3 Rd4 35. Bxb4 Rxd5 36. Rc3 c5 37. Ba3 Bg6 38. b4 cxb4 39. Bxb4 h5 40. Rc4 Bf5 41. Kb2 g5 42. Rc7 h4 43.
Bc3 Be4 44. Rg7+ Kf8 0-1

[Event "*** Titled Tuesday 3|2 Blitz"]
[Site "Chess.com"]
[Date "2016.10.04"]
[Round "5"]
[White "platy3"]
[Black "josiwales"]
[Result "1-0"]
[WhiteElo "2727"]
[BlackElo "2213"]
[TimeControl "180+2"]
[EndTime "12:02:49 PDT"]
[Termination "platy3 won by resignation"]

1. e4 c5 2. Nf3 Nc6 3. Bb5 Na5 4.
O-O a6 5. Bd3 b5 6. c3 Bb7 7. Bc2 e6 8. d4 c4 9. Re1 d6 10. Nbd2 g6 11. a4 Bg7 12. Nf1 Ne7 13. Ng3 O-O 14. Bf4 Nac6 15. axb5 axb5 16. Rxa8 Bxa8 17. Qd2 Qd7 18. Bh6 Bb7 19. Ra1 Ra8 20. Rxa8+ Bxa8 21. Qf4 e5 22. Qh4 f6 23. d5 Nd8 24. Be3 Nf7 25. Ne1 Bb7 26. Bd2 Qc7 27. b3 Bc8 28. h3 g5 29. Qh5 Ng6 30. Qd1 Nf4 31. bxc4 bxc4 32. Qa1 g4 33. hxg4 Bxg4 34. Bd1 Bxd1 35. Qxd1 Ng5 36. Nf5 Nxe4 37. Bxf4 exf4 38. Qd4 Ng5 39. Qxf4 Bf8 40. Nc2 Qa5 41. Qxc4 Kf7 42. f4 Qa7+ 43. Kh1 Qf2 44. Nce3 Qe1+ 45. Kh2 Nf3+ 46.
gxf3 Qf2+ 47. Kh1 Qe1+ 48. Qf1 Qxc3 49. Qh3 Qe1+ 50. Kh2 Qf2+ 51. Ng2 Kg6 52. Qg4+ Kf7 53. Qh5+ Kg8 54. Qe8 Qxf3 55. Qe6+ Kh8 56. Qf7 h6 57. Qxf8+ 1-0

[Event "*** Titled Tuesday 3|2 Blitz"]
[Site "Chess.com"]
[Date "2016.10.04"]
[Round "5"]
[White "AndrewMcStone"]
[Black "LornerAcosta"]
[Result "0-1"]
[WhiteElo "2014"]
[BlackElo "2332"]
[TimeControl "180+2"]
[EndTime "12:02:53 PDT"]
[Termination "LornerAcosta won by resignation"]

1. d4 d5 2. c4 c6 3. Nc3 Nf6 4. e3 g6 5. Nf3 Bg7 6. cxd5 cxd5 7. Qb3 O-O 8. Bd3 a6 9. Ne5 Nc6 10. f4 Na5 11. Qa3 Re8 12. O-O b5 13. b3 Qb6 14. Bd2 b4 15. Na4 Qe6 16. Bxb4 Nc6 17. Nxc6 Qxc6 18. Rac1 Qe6 19. Bd2 Rb8 20. Nc5 Qd6 21. Qa4 Bf5 22. Bxf5 gxf5 23. Qxa6 Rb6 24. Qa5 Ng4 25. h3 Nf6 26. Qc3 Nh5 27. a4 Reb8 28. a5 Rb5 29. a6 Bf8 30. Ra1 e6 31.
a7 Ra8 32. Ra6 Rxc5 33. Rxd6 Rxc3 34. Rb6 Rc7 35. Ra1 Rcxa7 36. Rxa7 Rxa7 37. Rb8 Kg7 38. g4 Ng3 39. Kg2 Ne4 40. Be1 Ra2+ 41. Kf3 fxg4+ 42. hxg4 Bd6 43. Rd8 Rb2 44. Bh4 Rxb3 45. f5 exf5 46. gxf5 Rb6 47. Rd7 h5 48. Be1 Kf6 49. Bh4+ Kxf5 50.
Rxf7+ Kg6 51. Rd7 Nf6 52. Bxf6 Kxf6 53. Rh7 Kg6 54. Rh8 Be7 55. Re8 Re6 0-1

[Event "*** Titled Tuesday 3|2 Blitz"]
[Site "Chess.com"]
[Date "2016.10.04"]
[Round "5"]
[White "petrpalachev"]
[Black "brightthunder"]
[Result "1-0"]
[WhiteElo "2404"]
[BlackElo "2377"]
[TimeControl "180+2"]
[EndTime "12:02:54 PDT"]
[Termination "petrpalachev won by resignation"]

1. e4 c5 2. Nf3 e6 3. c3 Nf6 4. e5 Nd5 5. d4 cxd4 6. cxd4 d6 7. Bc4 Be7 8. O-O O-O 9. Qe2 b6 10.
Bxd5 exd5 11. Re1 Nc6 12. Nc3 Bg4 13. Qb5 Rc8 14. Qxd5 Bxf3 15. gxf3 dxe5 16. dxe5 Bb4 17. Qxd8 Rfxd8 18. Bg5 Re8 19. f4 Nd4 20. Re4 Nf3+ 21. Kg2 Bxc3 22. Kxf3 Bxb2 23. Rb1 Ba3 24. Ra4 Rc3+ 25.
Kg2 Bc5 26. Rxa7 Rc2 27. Bh4 h6 28. Rd1 g5 29. fxg5 hxg5 30. Bg3 Re7 31. Rxe7 Bxe7 32. a4 Ra2 33. Rd4 Kg7 34. Rg4 Kh6 35. h3 Bc5 36. h4 gxh4 37. Rxh4+ Kg6 38. Rf4 Kg7 39. Kh3 Kf8 40. e6 Ke7 41. exf7 Kf8 42. Kg4 Rd2 43. Rf5 Rd4+ 44. Bf4 Rxa4 45. Kh5 Ra7 46. Bh6+ 1-0

[Event "*** Titled Tuesday 3|2 Blitz"]
[Site "Chess.com"]
[Date "2016.10.04"]
[Round "5"]
[White "ftorodent"]
[Black "DavitZarkua"]
[Result "1-0"]
[WhiteElo "2518"]
[BlackElo "2509"]
[TimeControl "180+2"]
[EndTime "12:03:04 PDT"]
[Termination "ftorodent won on time"]

1. d4 Nf6 2. c4 c5 3. d5 b5 4. cxb5 a6 5. bxa6 Bxa6 6. Nc3 d6 7. e4 Bxf1 8. Kxf1 g6 9. Nf3 Bg7 10. g3 O-O 11. Kg2 Nbd7 12. a4 Ng4 13. Qe2 Qa5 14. Nd2 Ngf6 15. Nc4 Qa6 16. Bd2 Nb6 17. Nb5 Rfc8 18. b3 Nfd7 19. Ra3 Rab8 20. h4 h5 21. Bg5 Nf6 22. Bxf6 Bxf6 23. g4 Kh8 24. gxh5 Rg8 25. Kf1 Nxc4 26. bxc4 Qa5 27. Rg3 Qxa4 28. hxg6 fxg6 29. Kg2 Be5 30. Rg4 Rbf8 31. Nc7 Rf6 32.
Ne6 Bd4 33. Rf4 Rb8 34. Rxf6 exf6 35. h5 g5 36. Nxd4 cxd4 37. Qd3 Qa7 38. Rd1 Rb2 39.
Qf3 Qe7 40. Rxd4 Qe5 41. Rd3 Rb1 42. Ra3 Kg7 43. Ra7+ Kh6 44. Rf7 g4 45. Rxf6+ Kg7 46.
Rg6+ Kh7 47. Qf7+ 1-0

[Event "*** Titled Tuesday 3|2 Blitz"]
[Site "Chess.com"]
[Date "2016.10.04"]
[Round "5"]
[White "nihalsarin"]
[Black "Keranke"]
[Result "1-0"]
[WhiteElo "2479"]
[BlackElo "2615"]
[TimeControl "180+2"]
[EndTime "12:03:06 PDT"]
[Termination "nihalsarin won by resignation"]

1. Nf3 d5 2. g3 Nf6 3. Bg2 c6 4.
O-O g6 5. d3 Bg7 6. Nbd2 O-O 7.
a4 Re8 8. a5 e5 9. e4 Na6 10.
c3 Nc5 11. Qe2 dxe4 12. dxe4 Qd3 13. Qxd3 Nxd3 14. Ne1 Nxc1 15. Rxc1 Bh6 16. Rc2 Bg4 17. Bf3 Be6 18. Ng2 Rad8 19. Ne3 Bxe3 20. fxe3 Rd3 21. Be2 Rxe3 22. Kf2 Rxe4 23. Nxe4 Nxe4+ 24. Ke3 Bb3 25. Rcc1 Nd6 26. a6 b6 27. Bd1 Bd5 28. b3 b5 29. Be2 Bxb3 30. Bf3 e4 31. Be2 c5 32. g4 f5 33. h3 c4 34. Kd4 Re6 35. Kd5 Kf7 36.
gxf5 Nxf5 37. Bg4 Kf6 38. Bxf5 gxf5 39. Rxf5+ Kxf5 40. Rf1+ Kg5 41. Kxe6 e3 42. Ke5 e2 43. Rg1+ Kh4 44. Kf4 Kxh3 45. Ke3 Bd1 46. Kd2 h5 47.
Rg7 h4 48. Rxa7 b4 49. cxb4 c3+ 50. Ke1 c2 51. Rc7 1-0

[Event "*** Titled Tuesday 3|2 Blitz"]
[Site "Chess.com"]
[Date "2016.10.04"]
[Round "5"]
[White "TomsKantans"]
[Black "RobertoJBM"]
[Result "1-0"]
[WhiteElo "2478"]
[BlackElo "2503"]
[TimeControl "180+2"]
[EndTime "12:03:08 PDT"]
[Termination "TomsKantans won on time"]

1. e4 c6 2. d4 d5 3. e5 Bf5 4. Nf3 e6 5. Be2 h6 6. O-O Nd7 7. Nbd2 Ne7 8. c4 dxc4 9. Nxc4 Nd5 10. Be3 Be7 11. Rc1 O-O 12. a3 N7b6 13. Na5 Qd7 14.
Qd2 Rac8 15. Rfd1 Rfd8 16. h3 Nxe3 17. fxe3 Be4 18. b4 Nd5 19. Bd3 Bxf3 20. gxf3 Bg5 21. f4 Be7 22. Kh2 Kh8 23. Rg1 Rg8 24. Bb1 g6 25. Rg2 Rg7 26. Rcg1 Rcg8 27. Qf2 b6 28. Nc4 Qd8 29. e4 Nc3 30. Bc2 Nb5 31. Rd1 Qc7 32. Qe3 Qd8 33. Rgd2 Nc7 34. Bb3 f6 35. exf6 Bxf6 36.
Ne5 Qe8 37. Rc1 Bxe5 38. dxe5 Rf8 39. Rd6 Rgf7 40. Rdxc6 Qd8 41. f5 gxf5 42. exf5 Nd5 43. Bxd5 1-0

[Event "*** Titled Tuesday 3|2 Blitz"]
[Site "Chess.com"]
[Date "2016.10.04"]
[Round "5"]
[White "chessbia"]
[Black "LonesomeGeorge1"]
[Result "1/2-1/2"]
[WhiteElo "2040"]
[BlackElo "2179"]
[TimeControl "180+2"]
[EndTime "12:03:09 PDT"]
[Termination "Game drawn by repetition"]

1. d4 Nf6 2. c4 g6 3. Nc3 Bg7 4. Nf3 O-O 5. g3 d6 6. Bg2 Nbd7 7. O-O e5 8. d5 a5 9. Nd2 Nc5 10. e4 Ne8 11. Qc2 f5 12. b3 Nf6 13.
Ba3 f4 14. Bxc5 dxc5 15. Nf3 Ne8 16. Rad1 Nd6 17. Rfe1 g5 18. a4 g4 19. Nd2 Qf6 20. Ndb1 h5 21. Nb5 Rf7 22. Nxd6 cxd6 23. Nc3 Bf8 24. Nb5 h4 25. gxf4 Qxf4 26. Re3 Bd7 27. Rf1 Re8 28. Qe2 Bc8 29. Qd2 Qf6 30. Qxa5 Bh6 31. Rd3 Rg7 32. Qb6 h3 33. Bh1 Rd7 34.
Nc7 Rf8 35. Ne6 Rff7 36. Rg3 Qh4 37. Nxc5 Rde7 38. Nd3 Bf4 39. Qxd6 Bxg3 40. fxg3 Rxf1+ 41. Kxf1 Rf7+ 42. Ke2 Qg5 43. Nxe5 Rf8 44. Ng6 Rf2+ 45. Kxf2 Qd2+ 46. Kf1 Qd1+ 47. Kf2 Qd2+ 48. Kf1 Qd1+ 49. Kf2 Qd2+ 50. Kf1 Qd1+ 51. Kf2 Qd2+ 52. Kf1 Qd1+ 53. Kf2 Qd2+ 1/2-1/2

[Event "*** Titled Tuesday 3|2 Blitz"]
[Site "Chess.com"]
[Date "2016.10.04"]
[Round "5"]
[White "ChessWarrior7197"]
[Black "filali-oujda"]
[Result "1-0"]
[WhiteElo "2474"]
[BlackElo "2311"]
[TimeControl "180+2"]
[EndTime "12:03:13 PDT"]
[Termination "ChessWarrior7197 won by resignation"]

1. e4 c6 2. d4 d5 3. Nc3 dxe4 4. Nxe4 Nf6 5. Nxf6+ exf6 6. c3 Bd6 7. Bd3 O-O 8.
Ne2 Bg4 9. Qc2 h6 10. Be3 Qa5 11. h3 Bxe2 12. Qxe2 Re8 13. O-O Nd7 14. Bc2 f5 15.
Qd3 g6 16. Bxh6 f4 17. Qf3 Qc7 18. g3 Nf6 19. Bxf4 Bxf4 20. Qxf4 Qxf4 21. gxf4 Re2 22. Rac1 Nd5 23. Kg2 Ne3+ 24. Kf3 Rxc2 25. fxe3 Rxb2 26. Rb1 Rxa2 27. Rxb7 a5 28. f5 gxf5 29. Rg1+ Kf8 30. Rg5 Rh2 31. Rxf5 Rxh3+ 32. Ke2 Rh7 33. Rb3 a4 34.
Ra3 Rh2+ 35. Kd3 Rh3 36. Re5 Ra6 37. Rc5 Ke7 38. Rc4 f5 39. Ke2 Rh2+ 40. Kf3 Rc2 41. e4 fxe4+ 42. Kxe4 Kd6 43. Kd3 Rc1 44. Kd2 Rh1 45.
Raxa4 Rh2+ 46. Kd3 Rh3+ 47. Kc2 Rb6 48. Rab4 Rh2+ 49.
Kb3 Ra6 50. Rc5 Ra1 51. Kc4 Rc1 52. Rb3 Rh3 53. Rg5 Rh6 54. Ra3 Rh3 55. Rg6+ Kc7 56. Rg7+ Kd6 57. Rg6+ Kc7 58. Kb4 Rb1+ 59. Kc5 Rb5+ 60.
Kc4 Rb1 61. Ra6 Rb6 62. Rg7+ 1-0

[Event "*** Titled Tuesday 3|2 Blitz"]
[Site "Chess.com"]
[Date "2016.10.04"]
[Round "5"]
[White "Gergo85"]
[Black "andretta"]
[Result "1-0"]
[WhiteElo "2450"]
[BlackElo "2247"]
[TimeControl "180+2"]
[EndTime "12:03:24 PDT"]
[Termination "Gergo85 won on time"]

1. e4 c5 2. Nf3 d6 3. d4 cxd4 4.
Qxd4 Nc6 5. Bb5 Bd7 6. Bxc6 Bxc6 7. Nc3 Nf6 8. Bg5 e6 9. O-O-O Be7 10. Qd3 h6 11.
Bf4 O-O 12. Kb1 d5 13. e5 Ne4 14. Nxe4 dxe4 15. Qxd8 Rfxd8 16. Nd4 Ba4 17. b3 Be8 18. Rhe1 Bc5 19. Be3 Rd5 20. c4 Rxe5 21. Bf4 Rh5 22. Rxe4 Rh4 23. g3 Rxh2 24. Be3 Rg2 25. Nxe6 fxe6 26.
Bxc5 Bg6 27. f3 Re2 28. Rd7 Bxe4+ 29. fxe4 b6 30. Bd4 Rf8 31. Rxg7+ Kh8 32. Rxa7+ Kg8 33. Rg7+ Kh8 34. Rf7+ Kg8 35. Rxf8+ Kxf8 36. Bxb6 Kf7 37. c5 e5 38. c6 Ke6 39. b4 Kd6 40. b5 Rxe4 41. Ba5 Re3 42. Kb2 Rxg3 43. a4 Kc5 44.
c7 Rg8 45. Bc3 e4 46. Bf6 h5 47. Bd8 Rg2+ 48. Kc1 Rg1+ 49. Kd2 Rg2+ 50. Ke3 Rg3+ 51. Kxe4 Rg4+ 52. Kf3 1-0

[Event "*** Titled Tuesday 3|2 Blitz"]
[Site "Chess.com"]
[Date "2016.10.04"]
[Round "5"]
[White "ilya261991"]
[Black "Tarlev_Konstantin"]
[Result "0-1"]
[WhiteElo "2474"]
[BlackElo "2566"]
[TimeControl "180+2"]
[EndTime "12:03:26 PDT"]
[Termination "Tarlev_Konstantin won by resignation"]

1. d4 Nf6 2. c4 g6 3. f3 Bg7 4. e4 O-O 5. Nc3 c6 6. Be3 d5 7. cxd5 cxd5 8. e5 Ne8 9. f4 Nc6 10. Nf3 Bg4 11. Be2 Bxf3 12. Bxf3 e6 13. O-O Nc7 14. Rc1 Rc8 15. Be2 Qe7 16. Qd2 Na8 17.
Na4 Nb6 18. Nxb6 axb6 19. Rc3 f6 20. Rfc1 fxe5 21. fxe5 Ra8 22. a3 Rf7 23. Bg5 Qf8 24. Bb5 Na7 25. Be2 h6 26. Be3 Nc6 27. Bg4 Re8 28.
Qe2 h5 29. Bh3 Bh6 30. Rd1 Kh7 31. Bxh6 Qxh6 32. Rf3 Rxf3 33. Qxf3 Rf8 34. Qd3 Rf4 35. Qc3 Qf8 36. g3 Rf3 37. Rd3 Rf7 38. Qe1 Qe7 39.
Qe3 Na5 40. b3 Nc6 41. Rd1 Kg7 42. a4 Rf8 43. Rf1 Rxf1+ 44. Bxf1 Qb4 45. Bh3 Qxd4 46. Qxd4 Nxd4 47. Kf2 Kf7 48. b4 Nc6 49. b5 Nxe5 50. Ke3 Ke7 51. Kd4 Kd6 52. Bg2 Nd7 53. h3 Nc5 0-1

[Event "*** Titled Tuesday 3|2 Blitz"]
[Site "Chess.com"]
[Date "2016.10.04"]
[Round "5"]
[White "Houdinovic"]
[Black "MFBerna"]
[Result "1-0"]
[WhiteElo "2319"]
[BlackElo "2140"]
[TimeControl "180+2"]
[EndTime "12:03:31 PDT"]
[Termination "Houdinovic won by resignation"]

1. e4 e5 2. Nf3 Nc6 3. Bb5 a6 4.
Ba4 Nf6 5. O-O Be7 6. Re1 b5 7. Bb3 O-O 8. h3 d6 9. a3 Na5 10. Ba2 c5 11. d3 Nc6 12. Nc3 h6 13. Be3 Nd4 14. Nd5 Be6 15. c3 Nc6 16. b4 cxb4 17. cxb4 Rc8 18. d4 Nxe4 19. Nxe7+ Nxe7 20. Bxe6 fxe6 21. dxe5 d5 22. Nd4 Qd7 23. Qg4 Nf5 24. Nxf5 exf5 25. Qh5 f4 26. Bd4 f3 27. Qg4 Qxg4 28.
hxg4 fxg2 29. Kxg2 Rc2 30. Rac1 Rd2 31. Rcd1 Ra2 32.
Ra1 Rd2 33. Red1 Rc2 34. Rac1 Ra2 35. Ra1 Re2 36. Rf1 Nd2 37. Rfe1 Rxe1 38. Rxe1 Nf3 39. Rd1 Rf4 40. Be3 Rf8 41. Rxd5 Nh4+ 42. Kg3 g5 43. f4 gxf4+ 44. Bxf4 Ng6 45. Bxh6 Re8 46. Bf4 Rc8 47. Rd3 Rc4 48. Rf3 Kf7 49. Bg5+ Ke8 50. e6 Ne5 51. Rf4 Rc3+ 52. Kg2 Rc2+ 53. Kf1 Nd3 54. Rf5 Rc6 55. e7 Rd6 56. Rf8+ 1-0

[Event "*** Titled Tuesday 3|2 Blitz"]
[Site "Chess.com"]
[Date "2016.10.04"]
[Round "5"]
[White "dusanacns"]
[Black "SCIM"]
[Result "1-0"]
[WhiteElo "2561"]
[BlackElo "2297"]
[TimeControl "180+2"]
[EndTime "12:03:32 PDT"]
[Termination "dusanacns won on time"]

1. e4 c5 2. Nf3 e6 3. b3 b6 4. d4 cxd4 5. Nxd4 Bb7 6. Nb5 Bxe4 7.
Bf4 Qf6 8. Bd6 Qxa1 9. Nc7+ Kd8 10. Bxf8 Kxc7 11. Be2 Nc6 12. Qd6+ Kd8 13. O-O Qe5 14. Qxe5 Nxe5 15. Bxg7 Ng6 16. Nc3 Bc6 17. Bd3 N8e7 18. Bxh8 Nxh8 19. Bxh7 Nhg6 20. f4 Kc7 21. Bxg6 Nxg6 22.
Nd1 f5 23. Ne3 Be4 24. g3 d5 25. h4 Ne7 26. c3 Kd6 27. Kf2 Rc8 28. c4 d4 29. Nd1 Nc6 30. Ke2 e5 31. Nf2 Rg8 32. g4 exf4 33. g5 Ne5 34. Rg1 d3+ 35. Kd1 Bf3+ 36.
Kd2 Be4 37. Kd1 Nf3 38. Rh1 Nd4 39. Rh2 Bf3+ 40. Kd2 Be2 41. Rh3 Nf3+ 42. Kc3 Re8 43. g6 d2 44. g7 d1=Q 45. Nxd1 Bxd1 46. h5 Ng5 47. Rd3+ Kc6 48. Rxd1 Rg8 49. h6 f3 50.
Kd3 f4 51. Rg1 Rd8+ 52. Kc2 Re8 53. Rf1 Rg8 54. Rxf3 Nxf3 55. h7 Rxg7 56. h8=Q Rg2+ 57. Kc3 Rg3 58. Qf6+ Kb7 59. Qxf4 1-0

[Event "*** Titled Tuesday 3|2 Blitz"]
[Site "Chess.com"]
[Date "2016.10.04"]
[Round "5"]
[White "daro94"]
[Black "VMikhalevski"]
[Result "1-0"]
[WhiteElo "2652"]
[BlackElo "2476"]
[TimeControl "180+2"]
[EndTime "12:03:33 PDT"]
[Termination "daro94 won on time"]

1. e4 e5 2. Nf3 Nc6 3. Bb5 a6 4. Ba4 Nf6 5. d3 b5 6. Bb3 Bc5 7. O-O d6 8. c3 Bb6 9. h3 Ne7 10. a4 Bb7 11. Na3 Qd7 12. Re1 Ng6 13. Nc2 O-O 14. Ne3 Rad8 15. axb5 axb5 16. Nd5 Nxd5 17.
Bxd5 c6 18. Bb3 Rde8 19. Be3 Qc7 20. Qd2 d5 21. Bxb6 Qxb6 22. Qe3 Qxe3 23. Rxe3 dxe4 24. dxe4 Rd8 25. h4 Rfe8 26. g3 h6 27. h5 Nf8 28.
Nh4 Rd7 29. Nf5 Red8 30. Kg2 Nh7 31. Kf3 c5 32. Bd5 Bxd5 33. exd5 e4+ 34. Kg2 Nf6 35. d6 Kh7 36. Ra5 Rb8 37. b4 cxb4 38. cxb4 g6 39. hxg6+ fxg6 40. Nd4 Rxd6 41. Nxb5 Rdb6 42.
Ra7+ R8b7 43. Rxb7+ Rxb7 44. Nd6 Rxb4 45. Rc3 g5 46.
Rc6 Rb8 47. Nf5 Rf8 48. Rc7+ Kg6 49. Ne7+ Kg7 50. Nf5+ Kg6 51. Ne7+ Kh5 52. Rc1 1-0

[Event "*** Titled Tuesday 3|2 Blitz"]
[Site "Chess.com"]
[Date "2016.10.04"]
[Round "5"]
[White "Grootneus"]
[Black "Andrejkin"]
[Result "1-0"]
[WhiteElo "2007"]
[BlackElo "2151"]
[TimeControl "180+2"]
[EndTime "12:04:00 PDT"]
[Termination "Grootneus won by resignation"]

1. e4 c5 2. c3 Nf6 3. e5 Nd5 4. Nf3 d6 5. Bc4 Nb6 6. Bb3 Nc6 7. exd6 e6 8. O-O Bxd6 9. d4 cxd4 10. cxd4 Ne7 11. Nc3 O-O 12. a3 h6 13. Ne4 Ned5 14.
Nxd6 Qxd6 15. Bc2 Nd7 16. Qd3 N7f6 17. Ne5 a5 18. Qg3 Nh5 19. Qg4 Ndf6 20. Qh4 b6 21. Bd1 g6 22. Bxh6 Rd8 23. Qg5 Nh7 24. Qe3 N5f6 25.
Bf3 Rb8 26. Nc6 Ba6 27. Rfd1 Rbc8 28. Nxd8 Rxd8 29. Rac1 Nd5 30. Bxd5 Qxd5 31. Qe5 f6 32. Qxd5 Rxd5 33. Rc7 g5 34. Rg7+ Kh8 35. h4 g4 36.
Rxg4 Be2 37. Bg7+ Kg8 38. Bxf6+ Bxg4 39. f3 Bf5 40. Be5 Kf7 41. Rc1 Rd7 42. Rc6 Rb7 43. g4 Bd3 44. Rc7+ Rxc7 45. Bxc7 a4 46. Bxb6 Ke7 47. Kf2 Kd6 48. Ke3 Bc2 49. g5 Bg6 50. Kf4 Kd5 51. Kg4 Nf8 52. h5 Bf5+ 53. Kf4 Nd7 54. Ba7 Bc2 55. g6 Nf6 56. Kg5 Ng8 57. h6 e5 58. h7 exd4 59. hxg8=Q+ Ke5 60. Bxd4+ Kxd4 61. Qd8+ Ke3 62. g7 Kf2 63. Qd4+ 1-0

[Event "*** Titled Tuesday 3|2 Blitz"]
[Site "Chess.com"]
[Date "2016.10.04"]
[Round "5"]
[White "GMHess"]
[Black "Iuri_Shkuro"]
[Result "0-1"]
[WhiteElo "2579"]
[BlackElo "2533"]
[TimeControl "180+2"]
[EndTime "12:04:03 PDT"]
[Termination "Iuri_Shkuro won on time"]

1. c4 Nc6 2. d4 e5 3. d5 Nce7 4.
e4 Ng6 5. Nc3 Bc5 6. Qc2 Nf6 7.
f3 O-O 8. Nh3 a6 9. Nf2 c6 10.
Nd3 Bd4 11. Ne2 Ba7 12. Ng3 b5 13. b3 bxc4 14. bxc4 cxd5 15. cxd5 d6 16. Ba3 a5 17. Qc6 Bd7 18. Qb7 Bd4 19. Rc1 Ne8 20. Qb3 Nh4 21. Nf2 Rb8 22. Qd1 Qb6 23. Qe2 a4 24. Nd1 Qa7 25. Qd2 h6 26. Bd3 Kh8 27. Kf1 Ng6 28.
Ne2 Bb6 29. h4 f5 30. exf5 Bxf5 31. Bxf5 Rxf5 32. Qd3 Ne7 33. Ng3 Rf7 34. Ne4 Qd7 35. Ne3 Nf5 36. Nxf5 Rxf5 37. Rc6 Rf4 38. Ng5 Nf6 39.
Rxd6 Qb7 40. Rxf6 gxf6 41. Ne6 Ba7 42. Nxf4 Qb1+ 43. Ke2 Qxa2+ 44. Qd2 Qc4+ 45. Nd3 e4 46. Qxh6+ Kg8 47. Qg6+ Kh8 48. Qxf6+ Kh7 49. Qf5+ Kg8 50. fxe4 Rb3 51. Rh3 Qc2+ 52. Kf3 Rxd3+ 53. Kf4 Qd2+ 54. Ke5 Bd4+ 55. Ke6 Qh6+ 56. Kd7 Qg7+ 57. Kc8 Rd2 58. Qg5 Rc2+ 0-1

[Event "*** Titled Tuesday 3|2 Blitz"]
[Site "Chess.com"]
[Date "2016.10.04"]
[Round "5"]
[White "NoWuss2"]
[Black "AdrianaNikolova"]
[Result "1-0"]
[WhiteElo "2097"]
[BlackElo "2248"]
[TimeControl "180+2"]
[EndTime "12:04:05 PDT"]
[Termination "NoWuss2 won by checkmate"]

1. e4 c5 2. Nf3 Nc6 3. Bb5 d6 4.
Bxc6+ bxc6 5. e5 dxe5 6. d3 f6 7. O-O Bg4 8. h3 Bh5 9. Nbd2 e6 10. b3 Ne7 11. Ne4 Nd5 12. Re1 Be7 13. Be3 Nxe3 14. Rxe3 O-O 15. Qd2 f5 16. Ng3 f4 17. Nxh5 fxe3 18.
Qxe3 g6 19. Ng3 Bf6 20. Re1 Qd5 21. Ne4 Rf7 22. Nxc5 Raf8 23. Ne4 Bd8 24. c4 Qa5 25.
c5 Rf5 26. Nd6 Bg5 27. Nxg5 Rxg5 28. Re2 Rf4 29. Nc4 Qc3 30. Nxe5 Qa1+ 31. Kh2 Qd4 32.
Nxc6 Qxe3 33. fxe3 Rf1 34. d4 Rc1 35. b4 Rf5 36. Rb2 Rff1 37. b5 Rh1+ 38. Kg3 Rc3 39. Rb3 Rhc1 40. b6 axb6 41. cxb6 Rxb3 42. Ne7+ Kf7 43.
axb3 Rc3 44. b7 Rxe3+ 45. Kf4 Rxb3 46. Nc6 Kf6 47. b8=Q g5+ 48. Ke4 Rxb8 49. Nxb8 h5 50. Nd7+ Ke7 51. Nc5 Kf6 52. g4 hxg4 53. hxg4 Kf7 54.
Ke5 Kg6 55. Nxe6 Kh6 56. d5 Kg6 57. d6 Kf7 58. Nxg5+ Ke8 59. Ke6 Kd8 60. Nf7+ Ke8 61. d7+ Kf8 62. d8=Q+ Kg7 63. Qf6+ Kh7 64. Qh6+ Kg8 65.
Qh8# 1-0